 Dungeon Crawl Stone Soup version 0.18.1-48-g4cf74bf (webtiles) character file.

23 lorenzova the Sneak (level 2, 0/13 HPs)
             Began as a Spriggan Enchanter on Aug 1, 2016.
             Succumbed to a kobold's poison
             ... on level 1 of the Dungeon.
             The game lasted 00:02:23 (1165 turns).

lorenzova the Sneak (Spriggan Enchanter)            Turns: 1165, Time: 00:02:24

Health: 0/13       AC:  3    Str:  4    XL:     2   Next: 75%
Magic:  7/7        EV: 18    Int: 16    God:
Gold:   34         SH:  0    Dex: 16    Spells: 2 memorised, 4 levels left

rFire  . . .     SeeInvis +     h - +0 dagger (venom)
rCold  . . .     Gourm    .     b - +1 robe
rNeg   . . .     Faith    .     (shield restricted)
rPois  .         Spirit   .     (helmet restricted)
rElec  .         Dismiss  .     (no cloak)
rCorr  .         Reflect  .     (gloves unavailable)
SustAt .         Harm     .     (boots unavailable)
MR     .....                    (no amulet)
Stlth  +++.......               (no ring)
                                (no ring)

@: lethally poisoned (0 -> -9), about to teleport, very quick, not resistant to
hostile enchantments, fairly stealthy
A: unfitting armour, see invisible, herbivore 3, speed 3, slow metabolism 2
a: no special abilities


You were on level 1 of the Dungeon.
You were not hungry.

You visited 1 branch of the dungeon, and saw 2 of its levels.

You collected 34 gold pieces.

Inventory:

Hand Weapons
 a - a +1 dagger
 h - a +0 dagger of venom (weapon)
Armour
 b - a +1 robe (worn)
Jewellery
 f - an uncursed amulet of guardian spirit {unknown}
Books
 c - a book of Maledictions

   Spells                             Type                      Level
   a - Corona                         Hexes                        1
   b - Ensorcelled Hibernation        Hexes/Ice                    2
   c - Confuse                        Hexes                        3
   d - Tukima's Dance                 Hexes                        3
   e - Dazzling Spray                 Conjuration/Hexes            3
Comestibles
 d - a bread ration


   Skills:
 - Level 1.1 Short Blades
 - Level 3.0 Dodging
 + Level 5.1 Stealth
 * Level 3.4 Spellcasting
 * Level 3.9 Hexes


You had 4 spell levels left.
You knew the following spells:

 Your Spells              Type           Power        Failure   Level  Hunger
a - Corona                Hex            ###....      4%          1    None
b - Ensorcelled Hibernat  Hex/Ice        #.....       14%         2    ##.....


Dungeon Overview and Level Annotations

Branches:
Dungeon (2/15)

Altars:


Innate Abilities, Weirdness & Mutations

You are tiny and cannot use many weapons and most armour.
You have supernaturally acute eyesight.
You are a herbivore.
You cover ground extremely quickly.
You need consume almost no food.


Message History

Your +0 dagger of venom begins to drip with poison!
h - a +0 dagger of venom (weapon)
You feel sick.
You see here a leather armour.
You feel sick.
You feel sick.
You feel sick.
* * * LOW HITPOINT WARNING * * *
You feel sick.
* * * LOW HITPOINT WARNING * * *
You feel sick.
* * * LOW HITPOINT WARNING * * *
You feel sick.
Read which item? (? for menu, Esc to quit)
As you read the scroll labeled FACU BUFRUPHE, it crumbles to dust.
You feel strangely unstable.
It was a scroll of teleportation.
Read which item? (? for menu, Esc to quit)
As you read the scroll labeled KICA GAULLOLOM, it crumbles to dust.
You feel blessed for a moment.
It was a scroll of remove curse.
You die...

..........#.####.#
##........... #.#
)...#.###.... #.#
###.#.# #....###.#
###.#.# .........##
......#...........#
###)### .........#
.....# #...###..#
###..# #... #@.# #
..# #.. #..# . ...
.. #..# .. ..##
...# ## #.# #.#.
.###. # . #


There were no monsters in sight!

Vanquished Creatures
  An adder (D:1)
  2 giant cockroaches (D:1)
  3 goblins (D:1)
  3 hobgoblins (D:1)
  A ball python (D:1)
  2 kobolds (D:1)
  2 rats (D:1)
14 creatures vanquished.

Notes
Turn   | Place    | Note
--------------------------------------------------------------
     0 | D:1      | lorenzova the Spriggan Enchanter began the quest for the Orb.
     0 | D:1      | Reached XP level 1. HP: 9/9 MP: 5/5
   681 | D:1      | Reached skill level 5 in Stealth
   681 | D:1      | Reached XP level 2. HP: 8/13 MP: 5/7
   691 | D:1      | Learned a level 2 spell: Ensorcelled Hibernation
  1165 | D:1      | Succumbed to a kobold's poison

Skill      XL: |  1 |
---------------+----+-----
Stealth        | 5 |  5.1
Spellcasting   | 3 |  3.4
Short Blades   | |  1.1
Dodging        | |  3.0
Hexes          | |  3.9

Action                   || total
-------------------------++-------
Melee: Dagger            ||    73
 Cast: Corona            ||     6
       Ensorcelled Hiber ||     6
  Use: Scroll            ||     2
 Stab: Sleeping          ||     7
       Distracted        ||     1
Armor: Robe              ||     8
Dodge: Dodged            ||    48
